 Dungeon Crawl Stone Soup version 0.30.0 (webtiles) character file.

Game seed: 9967737647943248880

2468 cheesebisquit the Fighter (level 9, -9/93 HPs)
             Began as a Green Draconian Ice Elementalist on May 6, 2023.
             Was a Follower of Vehumet.
             Mangled by an orc warrior
             ... wielding a +2 glaive of freezing
              (13 damage)
             ... on level 7 of the Dungeon.
             The game lasted 00:23:47 (7030 turns).

cheesebisquit the Fighter (DrIE)                    Turns: 7030, Time: 00:23:48

Health: -9/93      AC: 10    Str: 12    XL:     9   Next: 26%
Magic:  1/14       EV: 11    Int: 25    God:    Vehumet [*.....]
Gold:   109        SH:  0    Dex:  7    Spells: 14/15 levels left

rFire   . . .        e - +12 flail of Butchery {speed, rElec rN+++ rCorr Dex-4}
rCold   . . .        (no shield)
rNeg    + + +        (body armour unavailable)
rPois   +            (helmet restricted)
rElec   +            o - +1 cloak
rCorr   +            C - +0 pair of gloves
SInv    .            (no boots)
Will    .....        s - amulet of regeneration
Stlth   +            m - ring of positive energy
HPRegen 1.15/turn    w - +6 ring of intelligence
MPRegen 0.14/turn

%: no passive effects
@: brilliant, slowed, very slow
A: breathe noxious fumes, AC +7, unfitting armour, poison resistance,
cold-blooded
a: Breathe Noxious Fumes, Renounce Religion


You were on level 7 of the Dungeon.
You worshipped Vehumet.
Vehumet was aware of your devotion.
You visited 2 branches of the dungeon, and saw 8 of its levels.

You collected 406 gold pieces.
You spent 297 gold pieces at shops.

Inventory:

Hand Weapons
 e - the +12 flail of Butchery (weapon) {speed, rElec rN+++ rCorr Dex-4}
   (You bought it in a shop on level 7 of the Dungeon)

   Dex:       It affects your dexterity (-4).
   rElec:     It insulates you from electricity.
   rN:        It renders you almost immune to negative energy.
   rCorr:     It protects you from acid and corrosion.
Armour
 k - a +0 tower shield
 o - a +1 cloak (worn)
 C - a +0 pair of gloves (worn)
Jewellery
 m - a ring of positive energy (left hand)
 s - an amulet of regeneration (around neck)
 v - an amulet of guardian spirit
 w - a +6 ring of intelligence (right hand)
Wands
 q - a wand of polymorph (19)
 B - a wand of charming (12)
 E - a wand of flame (14)
Scrolls
 b - a scroll of magic mapping {unknown}
 f - a scroll of fear {unknown}
 n - a scroll of brand weapon {unknown}
 r - a scroll of amnesia
 x - a scroll of immolation
 y - 2 scrolls of poison
 z - a scroll of fog {unknown}
 D - a scroll of enchant weapon {unknown}
 F - 3 scrolls of teleportation
Potions
 a - a potion of magic
 c - 2 potions of attraction
 d - a potion of mutation
 g - a potion of resistance {unknown}
 h - 2 potions of lignification
 i - a potion of haste
 l - 3 potions of curing
 p - 2 potions of might {unknown}
 t - a potion of ambrosia {unknown}
 A - a potion of degeneration {unknown}
 G - a potion of invisibility


   Skills:
 + Level 13.0 Fighting
 - Level 1.7 Dodging
 - Level 1.7 Stealth
 - Level 3.5 Spellcasting
 - Level 4.0 Ice Magic


You had 14 spell levels left.
You knew the following spells:

 Your Spells              Type           Power      Damage    Failure   Level
a - Freeze                Ice            100%       1d10      1%          1

Your spell library contained the following spells:

 Spells                   Type           Power      Damage    Failure   Level
 Magic Dart               Conj           24%        1d4       10%         1
 Frozen Ramparts          Ice            72%        1d11      5%          3
 Ozocubu's Armour         Ice            36%        N/A       5%          3
 Kiss of Death            Conj/Necr      24%        2d7       10%         1
 Lesser Beckoning         Tloc           12%        N/A       14%         2
 Confusing Touch          Hex            6%         N/A       28%         3
 Gell's Gravitas          Tloc           6%         N/A       28%         3
 Teleport Other           Tloc           6%         N/A       28%         3
 Summon Ice Beast         Ice/Summ       21%        N/A       38%         4
 Dispel Undead            Necr           6%         3d8       67%         4


Dungeon Overview and Level Annotations

Branches:
Dungeon (7/15)             Temple (1/1) D:6

Altars:
Cheibriados
Dithmenos
Elyvilon
Fedhas
Gozag
Hepliaklqana
Kikubaaqudgha
Makhleb
Nemelex Xobeh
Okawaru
Qazlal
Ru
Sif Muna
Trog
Uskayaw
Vehumet
Xom
Yredelemnul
Zin
The Shining One

Shops:
D:2 !   D:3 !   D:7 (

Annotations:
D:3 1 runed translucent door, leafyfresh's ghost, weakling GnDe


Innate Abilities, Weirdness & Mutations

You can breathe blasts of noxious fumes.
Your lurid green scales are hard. (AC +7)
You cannot fit into any form of body armour.
Your system is resistant to poisons. (rPois)
You are cold-blooded and may be slowed by cold attacks.


Message History

The troll bites you but does no damage.
The troll claws you but does no damage. x2
Something hits you!!
You feel yourself slow down. Something freezes you!
You barely miss the troll.
The troll is severely wounded.
The troll closely misses you. The troll misses you. The troll claws you!
Something hits you. Something freezes you.
* * * LOW HITPOINT WARNING * * *
The troll barely misses you. The troll claws you but does no damage.
The troll barely misses you.
You feel much better.
You feel yourself speed up. Something hits you!
You feel yourself slow down. Something freezes you. The troll bites you!
The troll claws you.
* * * LOW HITPOINT WARNING * * *
The troll barely misses you. Something hits you!
* * * LOW HITPOINT WARNING * * *
You feel as though you will be slow longer.
Something freezes you.
* * * LOW HITPOINT WARNING * * *
You feel much better. The troll bites you but does no damage.
The troll closely misses you. The troll claws you but does no damage.
Something hits you!
* * * LOW HITPOINT WARNING * * *
You feel as though you will be slow longer.
Something freezes you.
* * * LOW HITPOINT WARNING * * *
The troll bites you!
* * * LOW HITPOINT WARNING * * *
The troll barely misses you. The troll claws you but does no damage.
You feel much better. Something hits you!
* * * LOW HITPOINT WARNING * * *
You feel as though you will be slow longer.
Something freezes you.
* * * LOW HITPOINT WARNING * * *
The troll misses you. The troll claws you.
* * * LOW HITPOINT WARNING * * *
The troll claws you!
* * * LOW HITPOINT WARNING * * *
Something hits you!
You die...

.........)............
~~≈~~~...)≈≈~~~~≈~~~~~
≈≈≈≈~~....~≈≈≈≈≈≈≈≈≈≈≈
~~≈≈~≈...)~≈~~~~~~≈~~~
......................
########''''############
.......#.[..#.......#
.......#)[..#.?.....#
......T@[[..)[)..)..#
'##################'#


You could see a troll.

Vanquished Creatures
  A water moccasin (D:6)
  A black bear (D:4)
  7 ogres
  2 bullfrogs
  3 scorpions (D:5)
  5 gnoll sergeants (D:7)
  5 howler monkeys
  6 hounds
  A gnoll bouda (D:7)
  4 jellies
  4 orc priests (D:7)
  2 sleepcaps (D:5)
  3 iguanas
  2 orc wizards (D:7)
  7 adders
  11 gnolls
  A shadow imp (D:7)
  A white imp (D:7)
  2 ufetubi (D:6)
  2 dart slugs (D:2)
  7 orcs
  13 ball pythons
  4 bats
  3 endoplasms
  4 giant cockroaches
  9 goblins
  12 hobgoblins
  3 quokkas
  5 frilled lizards
  5 kobolds
  7 rats
142 creatures vanquished.

Vanquished Creatures (others)
  9 fungi (D:3)
9 creatures vanquished.

Grand Total: 151 creatures vanquished

Notes
Turn   | Place    | Note
-------+----------+-------------------------------------------
     0 | D:1      | cheesebisquit the Draconian Ice Elementalist began the
                  | quest for the Orb.
     0 | D:1      | Reached XP level 1. HP: 14/14 MP: 3/3
   324 | D:1      | Reached XP level 2. HP: 22/22 MP: 0/5
   405 | D:1      | Reached skill level 1 in Fighting
  1006 | D:2      | Reached XP level 3. HP: 28/28 MP: 5/7
  1398 | D:2      | Found Wis Hoecw's Distillery.
  1698 | D:2      | Reached skill level 2 in Fighting
  1722 | D:2      | Reached XP level 4. HP: 36/36 MP: 1/9
  2138 | D:2      | You fall into a shaft and drop 1 floor!
  2425 | D:2      | Reached skill level 3 in Fighting
  2613 | D:3      | Found a sacrificial altar of Ru.
  2656 | D:3      | Found an opulent altar of Gozag.
  2836 | D:3      | Found Dajuce's Distillery.
  2915 | D:3      | Found a runed translucent door.
  2915 | D:3      | Noticed leafyfresh's ghost (weakling GnDe)
  3176 | D:3      | Reached XP level 5. HP: 46/46 MP: 8/10
  3286 | D:4      | Reached skill level 4 in Fighting
  3731 | D:4      | Reached skill level 5 in Fighting
  3827 | D:4      | Reached XP level 6. HP: 57/57 MP: 4/11
  3974 | D:4      | Reached skill level 6 in Fighting
  4186 | D:5      | Entered Level 5 of the Dungeon
  4274 | D:5      | Reached skill level 7 in Fighting
  4334 | D:5      | Your scales start taking on a lurid green colour.
  4334 | D:5      | Reached XP level 7. HP: 62/66 MP: 9/12
  4334 | D:5      | Gained mutation: Your system is resistant to poisons.
                  | (rPois) [Green Draconian growth]
  4458 | D:5      | Found a white marble altar of Elyvilon.
  4685 | D:5      | Reached skill level 8 in Fighting
  5559 | D:6      | Reached skill level 9 in Fighting
  5575 | D:5      | Reached XP level 8. HP: 59/78 MP: 2/13
  5727 | D:6      | Found a staircase to the Ecumenical Temple.
  5739 | Temple   | Entered the Ecumenical Temple
  5872 | Temple   | Became a worshipper of Vehumet
  6007 | D:6      | Found a shadowy altar of Dithmenos.
  6291 | D:7      | Reached skill level 10 in Fighting
  6358 | D:7      | Found Isheusch's Antique Weapon Emporium.
  6362 | D:7      | Bought a dazzling flail for 297 gold pieces
  6362 | D:7      | Identified the +12 flail of Butchery {speed, rElec rN+++
                  | rCorr Dex-4} (You bought it in a shop on level 7 of the
                  | Dungeon)
  6677 | D:7      | Reached skill level 11 in Fighting
  6835 | D:7      | Reached * piety under Vehumet
  6835 | D:7      | Offered knowledge of Magic Dart by Vehumet.
  6847 | D:7      | Reached skill level 12 in Fighting
  6881 | D:7      | Reached XP level 9. HP: 79/90 MP: 0/14
  7013 | D:7      | Noticed a troll
  7016 | D:7      | Reached skill level 13 in Fighting
  7030 | D:7      | HP: 4/93 [troll (10)]
  7030 | D:7      | Mangled by an orc warrior

Illustrated notes

Levels and vault maps discovered:
D:1:      lemuel_arrival_tunnels, layout_loops_ring, minmay_octomino_c4
D:2:      layout_loops_ring, serial_shops, nicolae_shop_waterfront,
          minmay_goblin_outpost
D:3:      layout_rooms, mainiacjoe_overflow_catch_the_wave, serial_shops, shop,
          hellmonk_ghost_happy_afterlife, minmay_pentomino_pile
D:4:      layout_basic, minmay_misc_feat_pillars
D:5:      layout_basic, nicolae_elyvilon_peaceful_grove,
          chequers_hall_statues_y, st_stairs_8
D:6:      layout_rooms, mainiacjoe_overflow_alcove_1,
          minmay_temple_entry_glassed_door
D:7:      lemuel_castle_with_subvaults [lemuel_castle_interior_carwin_3],
          layout_loops_cross, serial_shops, shop
Temple:   kb_temple_of_zot

Skill      XL: |  1  2  3  4  5  6  7  8  9 |
---------------+----------------------------+-----
Fighting       | 1 2 3 5 7 9 12 13 | 13.0
Spellcasting   | 3 |  3.5
Dodging        | |  1.7
Stealth        | |  1.7
Ice Magic      | |  4.0

Action                     |  1- 3 |  4- 6 |  7- 9 || total
---------------------------+-------+-------+-------++-------
  Melee: Mace              |    15 |    16 |    11 ||    42
         Tailslap          |       |     5 |    11 ||    16
         Punch             |       |     1 |     2 ||     3
         Flail             |       |       |    48 ||    48
  Throw: Dart              |       |     4 |       ||     4
   Cast: Freeze            |    68 |    81 |   161 ||   310
    Use: Scroll            |       |       |    12 ||    12
         Potion            |       |       |     4 ||     4
 Armour: Skin              |    29 |    32 |    61 ||   122
  Dodge: Dodged            |    50 |    57 |   132 ||   239
